 Dungeon Crawl Stone Soup version bcrawl-1.23.1 (webtiles) character file.

Game seed: 2214830505712041525

442 pasperui the Ducker (level 7, -3/59 HPs)
             Began as a Gnoll Reaver on May 26, 2020.
             Was a Follower of Vehumet.
             Killed by nerve-wracking pain
             ... invoked by an orc priest
              (12 damage)
             ... on level 4 of the Dungeon.
             The game lasted 00:06:54 (2282 turns).

pasperui the Ducker (Gnoll Reaver)                  Turns: 2282, Time: 00:06:55

Health: -3/59      AC:  5    Str: 18    XL:     7   Next: 2%
Magic:  10/15      EV: 16    Int: 18    God:    Vehumet [*.....]
Gold:   217        SH:  2    Dex: 13    Spells: 15/16 levels left

rFire    + . .     SeeInvis .   B - +0 long sword (venom)
rCold    + . .     Gourm    +   (no shield)
rNeg     . . .     Faith    .   b - +0 steam dragon scales
rPois    .         Spirit   .   (no helmet)
rElec    .         Reflect  .   w - scarf {rC+ rF+}
rCorr    .         Harm     .   (no gloves)
MR       .....                  (no boots)
Stlth    ++........             f - amulet of the gourmand
HPRegen  0.19/turn              i - +4 ring of strength
MPRegen  0.14/turn              (no ring)

@: no status effects
A: distributed training, fangs 1, strong nose
a: Renounce Religion


You were on level 4 of the Dungeon.
You worshipped Vehumet.
Vehumet was aware of your devotion.
You were very full.

You visited 1 branch of the dungeon, and saw 4 of its levels.

You collected 217 gold pieces.

Inventory:

Hand Weapons
 a - a +0 long sword
 B - a +0 long sword of venom (weapon)
Missiles
 h - 432 stones (quivered)
 j - 497 arrows
 s - 848 sling bullets
 v - 50 silver javelins
Armour
 b - +0 steam dragon scales (worn)
 w - a scarf of resistance (worn)
Jewellery
 f - an amulet of the gourmand (around neck)
 i - a +4 ring of strength (left hand)
Wands
 g - a wand of random effects (9)
Scrolls
 d - 2 scrolls of immolation
 k - 3 scrolls of identify {unknown}
 l - 3 scrolls of remove curse {unknown}
 p - 2 scrolls of teleportation {unknown}
 q - a scroll of fog {unknown}
 u - a scroll of enchant weapon {unknown}
 y - a scroll of enchant armour {unknown}
Potions
 c - a potion of haste
 m - 5 potions of curing {unknown}
 n - 3 potions of degeneration {unknown}
 o - 3 potions of heal wounds
 r - a potion of lignification {unknown}
 t - 2 potions of magic {unknown}
 z - a potion of brilliance {unknown}
 A - a potion of agility {unknown}
Comestibles
 e - 7 rations {!d}
 x - 5 chunks of flesh


   Skills:
 + Level 6.9 Fighting
 + Level 2.1 Short Blades
 + Level 6.9 Long Blades
 + Level 2.1 Axes
 + Level 2.1 Maces & Flails
 + Level 2.1 Polearms
 + Level 2.1 Staves
 + Level 2.1 Slings
 + Level 2.1 Bows
 + Level 2.1 Crossbows
 + Level 2.1 Throwing
 + Level 2.1 Armour
 + Level 6.9 Dodging
 + Level 2.1 Stealth
 + Level 2.1 Shields
 + Level 2.1 Unarmed Combat
 + Level 5.4 Spellcasting
 + Level 1.7 Conjurations
 + Level 1.7 Hexes
 + Level 1.7 Charms
 + Level 1.7 Summonings
 + Level 1.7 Necromancy
 + Level 1.7 Translocations
 + Level 1.7 Transmutations
 + Level 1.7 Fire Magic
 + Level 1.7 Ice Magic
 + Level 1.7 Air Magic
 + Level 1.7 Earth Magic
 + Level 1.7 Poison Magic
 + Level 2.4 Invocations
 + Level 2.1 Evocations


You had 15 spell levels left.
You knew the following spells:

 Your Spells              Type           Power        Failure   Level  Hunger
a - Shock                 Conj/Air       ##...        1%          1    None

Your spell library contained the following spells:

 Spells                   Type           Power        Failure   Level  Hunger
 Magic Dart               Conj           ##..         1%          1    None
 Iskenderun's Battlesphe  Conj/Chrm      ##......     38%         5    ######.


Dungeon Overview and Level Annotations

Branches:
Dungeon (4/12)
 Temple: D:4-7

Altars:
Kikubaaqudgha
Makhleb
Sif Muna
Trog
Vehumet
Yredelemnul


Innate Abilities, Weirdness & Mutations

Your experience applies equally to all skills.
You have very sharp teeth.
Your uncanny sense of smell can sniff out nearby items.


Message History

The zap hits the orc priest.
The orc priest is heavily wounded.
The orc wizard mumbles some strange words.
The orc wizard blinks!
The orc priest completely misses you.
The orc priest calls down the wrath of Beogh upon you.
Beogh smites you!
* * * LOW HITPOINT WARNING * * *
The orc wizard completely misses you.
Casting: Shock (safe; 1% risk of failure)
Confirm with . or Enter, or press ? or * to list all spells.
Aiming: Shock (safe; 1% risk of failure)
Press: ? - help, Shift-Dir - straight line The zap hits the orc priest.
The orc priest is severely wounded.
The zap hits the orc priest.
The orc priest is severely wounded.
The orc wizard hits you but does no damage.
The orc priest calls down the wrath of Beogh upon you.
Pain shoots through your body!
You die...

### ∆..# #!# #.# .#
#o# #.# #o# .# #.#
#@# #.# #.# #o# #.#
#.# #)# #.# #.# # #.#
#.########.# #^##.#
#..........#
#....###..÷#####..##
#..........# #...##
#.######...## #.....
#.#8##...##8######.##


You could see 2 orc priests and an orc wizard.

Vanquished Creatures
  A hippogriff (D:4)
  A crimson imp (D:4)
  A hound (D:3)
  A bullfrog skeleton (D:4)
  An iguana (D:4)
  An orc wizard (D:4)
  A worker ant (D:3)
  2 adders (D:3)
  2 worms
  4 dart slugs
  3 leopard geckos
  7 orcs
  A bat (D:2)
  A giant cockroach (D:3)
  2 gnoll zombies (D:2)
  7 goblins
  10 hobgoblins
  3 jackals (D:1)
  5 frilled lizards
  A kobold (D:1)
  6 rats
61 creatures vanquished.

Notes
Turn   | Place    | Note
-------+----------+-------------------------------------------
     0 | D:1      | pasperui the Gnoll Reaver began the quest for the Orb.
     0 | D:1      | Reached XP level 1. HP: 23/23 MP: 6/6
   124 | D:1      | Reached XP level 2. HP: 20/29 MP: 7/7
   259 | D:1      | Reached * piety under Vehumet
   259 | D:1      | Offered knowledge of Shock by Vehumet.
   259 | D:1      | Reached XP level 3. HP: 35/35 MP: 9/9
   262 | D:1      | Learned a level 1 spell: Shock
   317 | D:1      | Reached skill level 5 in Spellcasting
   606 | D:2      | Found a bloodstained altar of Trog.
  1129 | D:2      | Found a basalt altar of Yredelemnul.
  1176 | D:2      | Reached skill level 1 in Invocations
  1212 | D:3      | Reached skill level 1 in Short Blades
  1212 | D:3      | Reached skill level 1 in Axes
  1212 | D:3      | Reached skill level 1 in Maces & Flails
  1212 | D:3      | Reached skill level 1 in Polearms
  1212 | D:3      | Reached skill level 1 in Staves
  1212 | D:3      | Reached skill level 1 in Slings
  1212 | D:3      | Reached skill level 1 in Bows
  1212 | D:3      | Reached skill level 1 in Crossbows
  1212 | D:3      | Reached skill level 1 in Throwing
  1212 | D:3      | Reached skill level 1 in Armour
  1212 | D:3      | Reached skill level 1 in Stealth
  1212 | D:3      | Reached skill level 1 in Shields
  1212 | D:3      | Reached skill level 1 in Unarmed Combat
  1212 | D:3      | Reached skill level 1 in Evocations
  1212 | D:3      | Reached XP level 4. HP: 27/41 MP: 11/11
  1510 | D:3      | Reached skill level 1 in Conjurations
  1510 | D:3      | Reached skill level 1 in Hexes
  1510 | D:3      | Reached skill level 1 in Charms
  1510 | D:3      | Reached skill level 1 in Summonings
  1510 | D:3      | Reached skill level 1 in Necromancy
  1510 | D:3      | Reached skill level 1 in Translocations
  1510 | D:3      | Reached skill level 1 in Transmutations
  1510 | D:3      | Reached skill level 1 in Fire Magic
  1510 | D:3      | Reached skill level 1 in Ice Magic
  1510 | D:3      | Reached skill level 1 in Air Magic
  1510 | D:3      | Reached skill level 1 in Earth Magic
  1510 | D:3      | Reached skill level 1 in Poison Magic
  1533 | D:3      | Found a burning altar of Makhleb.
  1917 | D:3      | Reached XP level 5. HP: 35/47 MP: 12/12
  2068 | D:4      | Noticed a hippogriff
  2079 | D:4      | Killed a hippogriff
  2079 | D:4      | Reached XP level 6. HP: 43/53 MP: 9/14
  2182 | D:4      | Reached XP level 7. HP: 59/59 MP: 15/15
  2230 | D:4      | Found an ancient bone altar of Kikubaaqudgha.
  2233 | D:4      | Found a radiant altar of Vehumet.
  2235 | D:4      | Found a shimmering blue altar of Sif Muna.
  2240 | D:4      | Identified Vehumet's Reference Book on Battle Magic
  2282 | D:4      | Killed from afar by an orc priest

Skill      XL: |  1  2  3  4  5 |
---------------+----------------+-----
Spellcasting   | 5 |  5.4
Invocations    | 1 2 |  2.4
Short Blades   | 1 2 |  2.1
Axes           | 1 2 |  2.1
Maces & Flails | 1 2 |  2.1
Polearms       | 1 2 |  2.1
Staves         | 1 2 |  2.1
Slings         | 1 2 |  2.1
Bows           | 1 2 |  2.1
Crossbows      | 1 2 |  2.1
Throwing       | 1 2 |  2.1
Armour         | 1 2 |  2.1
Stealth        | 1 2 |  2.1
Shields        | 1 2 |  2.1
Unarmed Combat | 1 2 |  2.1
Evocations     | 1 2 |  2.1
Conjurations   | 1 |  1.7
Hexes          | 1 |  1.7
Charms         | 1 |  1.7
Summonings     | 1 |  1.7
Necromancy     | 1 |  1.7
Translocations | 1 |  1.7
Transmutations | 1 |  1.7
Fire Magic     | 1 |  1.7
Ice Magic      | 1 |  1.7
Air Magic      | 1 |  1.7
Earth Magic    | 1 |  1.7
Poison Magic   | 1 |  1.7
Fighting       | |  6.9
Long Blades    | |  6.9
Dodging        | |  6.9

Action                   |  1- 3 |  4- 6 |  7- 9 || total
-------------------------+-------+-------+-------++-------
Melee: Long sword        |    97 |   106 |     8 ||   211
       Bite              |    11 |    10 |       ||    21
       Punch             |       |     1 |       ||     1
 Cast: Shock             |       |    14 |     5 ||    19
  Use: Potion            |       |       |     1 ||     1
 Stab: Sleeping          |     2 |     1 |       ||     3
  Eat: Chunk             |    15 |     2 |       ||    17
Armor: Steam dragon scal |    12 |    25 |     2 ||    39
Dodge: Dodged            |    62 |    68 |     9 ||   139
Block: Other             |     1 |     6 |       ||     7
